 Dungeon Sprint DCSS version 0.29.1-15-g9cfb28693d (webtiles) character file.

Game seed: 13474267990864998831

4232 boopmooplesden the Fencer (level 10, -8/108 HPs)
             Began as a Minotaur Berserker on Mar 12, 2023.
             Was an Elder of Trog.
             Mangled by a komodo dragon (15 damage)
             ... in the Dungeon (Sprint IX: "|||||||||||||||||||||||||||||").
             The game lasted 00:02:14 (1326 turns).

boopmooplesden the Fencer (Minotaur Berserker)      Turns: 1326, Time: 00:02:15

Health: -8/108     AC: 11    Str: 26    XL:     10   Next: 9%
Magic:  9/9        EV: 16    Int:  4    God:    Trog [****..]
Gold:   11         SH:  0    Dex: 13    Spells: 9/9 levels left

rFire   . . .      SeeInvis .   p - +1 great sword (flame)
rCold   . . .      Faith    .   (shield currently unavailable)
rNeg    . . .      Spirit   .   m - +1 scale mail
rPois   .          Reflect  .   (helmet restricted)
rElec   .          Harm     .   (no cloak)
rCorr   .          Rampage  .   l - +0 pair of gloves
Will    .....      NoTele   +   (no boots)
Stlth   ..........              (no amulet)
HPRegen 0.28/turn               n - +3 ring of dexterity
MPRegen 0.11/turn               o - +2 ring of evasion

@: lethally poisoned (-8 -> -12), on berserk cooldown, slowed, very slow
A: horns 2, retaliatory headbutt
a: Renounce Religion, Berserk, Trog's Hand, Brothers in Arms


You were in the Dungeon.
You worshipped Trog.
Trog was greatly pleased with you.
You visited 1 branch You collected 11 gold pieces.

Inventory:

Hand Weapons
 a - a +0 falchion
 k - a +2 scimitar of flaming
 p - a +1 great sword of flaming (weapon)
Armour
 b - a +0 animal skin
 l - a +0 pair of gloves (worn)
 m - a +1 scale mail (worn)
Jewellery
 n - a +3 ring of dexterity (left hand)
 o - a +2 ring of evasion (right hand)
Wands
 j - a wand of light (10)
Scrolls
 h - a scroll of blinking
 r - a scroll of identify
 s - 5 scrolls of fear
 t - a scroll of butterflies
Potions
 c - 7 potions of curing
 d - 4 potions of heal wounds
 e - 2 potions of haste
 f - 4 potions of magic
 g - a potion of berserk rage
 i - a potion of invisibility
 q - a potion of might


   Skills:
 + Level 16.7 Fighting
 + Level 18.2 Long Blades
 + Level 10.7 Armour
 + Level 8.9 Dodging
 + Level 1.8 Stealth


You had 9 spell levels left.
You didn't know any spells.
Your spell library was empty.

Dungeon Overview and Level Annotations

Branches:
Dungeon (1/1)

Altars:
Cheibriados
Dithmenos
Elyvilon
Fedhas
Gozag
Hepliaklqana
Kikubaaqudgha
Makhleb
Nemelex Xobeh
Okawaru
Qazlal
Ru
Sif Muna
Trog
Uskayaw
Vehumet
Wu Jian
Xom
Yredelemnul
Zin
The Shining One
Jiyva
Lugonu


Innate Abilities, Weirdness & Mutations

You have a pair of horns on your head.
You reflexively headbutt those who attack you in melee.


Message History

The black mamba poisons you! The black mamba barely misses you.
You furiously retaliate!
You headbutt the black mamba! The black mamba completely misses you.
You hit the black mamba. You burn the black mamba.
Your headbutt misses the black mamba.
The black mamba is almost dead.
You feel extremely sick. The black mamba bites you!
The black mamba bites you but does no damage.
You barely miss the black mamba.
The black mamba is almost dead.
You feel very sick. The black mamba barely misses you. You furiously retaliate!
You headbutt the black mamba!
You kill the black mamba!
Trog accepts your kill.
You can now call in reinforcements.
The wyvern hisses menacingly.
Your Long Blades skill increases to level 18!
You have reached level 10!
You slash the yak! You burn the yak. You headbutt the yak!
The yak is severely wounded.
You feel very sick.
The bullfrog swells and bulges.
The yak gores you.
You hit the yak but do no damage. You headbutt the yak.
The yak is severely wounded.
You feel very sick. The yak barely misses you. You furiously retaliate!
You headbutt the yak, but do no damage. The yak gores you but does no damage.
You slash the yak! You burn the yak.
You kill the yak!
Trog accepts your kill.
You feel very sick.
You closely miss the komodo dragon.
You feel sick. The komodo dragon bites you!!
* * * LOW HITPOINT WARNING * * *
You hit the komodo dragon but do no damage.
Your headbutt misses the komodo dragon.
You feel sick. The komodo dragon closely misses you.
The komodo dragon bites you!
You die...

▓_▓.▓
▓_▓.▓.▓
▓_▓.▓.▓
▓_▓.▓.▓
▓_▓.▓.▓
▓_▓.▓F▓
▓_▓.▓l▓
▓_▓.▓l▓
▓_▓.▓@▓
▓_▓.▓.▓
▓_▓.▓.▓
▓_▓.▓.▓
▓_▓.▓.▓
▓'▓.▓.▓
▓.▓.▓.▓
▓.▓.▓|▓
▓.▓.▓)▓


You could see a komodo dragon, a wyvern and a bullfrog.

Vanquished Creatures
  A centaur warrior (D)
  A hydra (D)
  A manticore (D)
  A black mamba (D)
  An unseen horror (D)
  A troll (shapeshifter) (D)
  A blink frog (D)
  A wyvern (D)
  3 yaks (D)
  An acid dragon (D)
  A water moccasin (D)
  An orc warrior (D)
  A centaur (D)
  A bullfrog (D)
  A hound (D)
  An iguana (D)
  An orc wizard (D)
  A shadow imp (D)
  An ufetubus (D)
  2 dart slugs (D)
  2 endoplasms (D)
  A hobgoblin (D)
  A rat (D)
27 creatures vanquished.

Vanquished Creatures (collateral kills)
  A skeletal warrior (D)
1 creature vanquished.

Grand Total: 28 creatures vanquished

Notes
Turn   | Place    | Note
-------+----------+-------------------------------------------
     0 | D        | boopmooplesden the Minotaur Berserker began the quest for
                  | the Orb.
     0 | D        | Reached XP level 1. HP: 19/19 MP: 0/0
     7 | D        | Reached skill level 4 in Long Blades
    13 | D        | Reached ** piety under Trog
    18 | D        | HP: 1/22 [dart slug/slug dart (4)]
   310 | D        | Noticed a hound
   310 | D        | Noticed an iguana
   313 | D        | Reached skill level 5 in Fighting
   313 | D        | Reached skill level 5 in Long Blades
   313 | D        | Reached XP level 2. HP: 29/29 MP: 1/1
   315 | D        | Reached *** piety under Trog
   319 | D        | Reached skill level 6 in Long Blades
   319 | D        | Reached XP level 3. HP: 31/37 MP: 2/2
   329 | D        | Reached skill level 7 in Long Blades
   329 | D        | Reached XP level 4. HP: 22/45 MP: 3/3
   334 | D        | Found a snail-covered altar of Cheibriados.
   334 | D        | Found a shadowy altar of Dithmenos.
   334 | D        | Found a white marble altar of Elyvilon.
   334 | D        | Found a blossoming altar of Fedhas.
   334 | D        | Found an opulent altar of Gozag.
   335 | D        | Found a hazy altar of Hepliaklqana.
   336 | D        | Found a viscous altar of Jiyva.
   337 | D        | Found an ancient bone altar of Kikubaaqudgha.
   338 | D        | Found a corrupted altar of Lugonu.
   339 | D        | Found a burning altar of Makhleb.
   340 | D        | Found a sparkling altar of Nemelex Xobeh.
   341 | D        | Found an iron altar of Okawaru.
   342 | D        | Found a stormy altar of Qazlal.
   343 | D        | Found a sacrificial altar of Ru.
   344 | D        | Found a shimmering blue altar of Sif Muna.
   345 | D        | Found a bloodstained altar of Trog.
   346 | D        | Found a hide-covered altar of Uskayaw.
   347 | D        | Found a radiant altar of Vehumet.
   348 | D        | Found an ornate altar of the Wu Jian Council.
   349 | D        | Found a shimmering altar of Xom.
   350 | D        | Found a basalt altar of Yredelemnul.
   351 | D        | Found a glowing silver altar of Zin.
   352 | D        | Found a glowing golden altar of the Shining One.
   519 | D        | Noticed an orc warrior
   519 | D        | Noticed a yak
   519 | D        | Noticed an acid dragon
   519 | D        | Noticed a centaur
   519 | D        | Noticed a wyvern
   522 | D        | Killed a wyvern
   522 | D        | Reached **** piety under Trog
   523 | D        | Reached skill level 9 in Long Blades
   523 | D        | Reached skill level 5 in Armour
   523 | D        | Reached XP level 5. HP: 57/57 MP: 4/4
   524 | D        | Killed a centaur
   525 | D        | Reached skill level 10 in Fighting
   525 | D        | Reached skill level 10 in Long Blades
   525 | D        | Reached skill level 5 in Dodging
   525 | D        | Reached XP level 6. HP: 66/66 MP: 5/5
   528 | D        | Killed an acid dragon
   529 | D        | Reached skill level 11 in Long Blades
   532 | D        | Killed a yak
   532 | D        | Reached ***** piety under Trog
   533 | D        | Reached skill level 12 in Long Blades
   533 | D        | Reached XP level 7. HP: 74/74 MP: 6/6
   806 | D        | Noticed a skeletal warrior
   806 | D        | Noticed a centaur warrior
   806 | D        | Noticed a rime drake
   806 | D        | Noticed a six-headed hydra
   806 | D        | Noticed a manticore
   806 | D        | Noticed a troll
   806 | D        | a rime drake changed into a troll
   811 | D        | Killed an unseen horror
   812 | D        | Reached skill level 13 in Long Blades
   812 | D        | Reached skill level 1 in Stealth
   814 | D        | Killed a manticore
   814 | D        | Received a gift from Trog
   815 | D        | Reached skill level 14 in Long Blades
   815 | D        | Reached XP level 8. HP: 86/86 MP: 7/7
   818 | D        | Killed a three-headed hydra
   819 | D        | Reached skill level 15 in Long Blades
   820 | D        | Killed a troll
   821 | D        | Reached XP level 9. HP: 80/96 MP: 8/8
   826 | D        | Killed a centaur warrior
   827 | D        | Reached skill level 15 in Fighting
   827 | D        | Reached skill level 16 in Long Blades
   861 | D        | Killed a skeletal warrior
   862 | D        | Reached skill level 17 in Long Blades
   862 | D        | Reached skill level 10 in Armour
  1298 | D        | Noticed a black mamba
  1300 | D        | Noticed a komodo dragon
  1321 | D        | Killed a black mamba
  1322 | D        | Reached skill level 18 in Long Blades
  1322 | D        | Reached XP level 10. HP: 46/108 MP: 9/9
  1326 | D        | Mangled by a komodo dragon

Illustrated notes

Levels and vault maps discovered:
D:        linesprint [early_d, line_temple, items_1, d_10, items_2, lair_1,
          lair_end, items_3, orc_1, orc_end, items_4, d_15, swamp_1, shoals_1,
          snake_1, spider_1, d_20, vaults_1, items_5, swamp_end, shoals_end,
          snake_end, spider_end, vaults_end, d_27, items_6, zot_1, zot_end,
          crypt_end, forest_end, elf_end, slime_end, tomb_end, abyss_end,
          pan_hell_end]

Skill      XL: |  1  2  3  4  5  6  7  8  9 |
---------------+----------------------------+-----
Fighting       | 5 6 9 10 11 13 14 16 | 16.7
Long Blades    | 5 6 7 9 10 12 14 15 18 | 18.2
Armour         | 3 5 6 8 9 10 | 10.7
Dodging        | 3 4 5 6 7 8 |  8.9
Stealth        | 1 |  1.8

Action                   |  1- 3 |  4- 6 |  7- 9 | 10-12 || total
-------------------------+-------+-------+-------+-------++-------
Melee: Falchion          |    31 |       |       |       ||    31
       Headbutt          |     4 |     4 |     9 |     2 ||    19
       Scimitar          |       |    10 |    20 |       ||    30
       Punch             |       |       |     1 |       ||     1
       Great sword       |       |       |    21 |     5 ||    26
Invok: Berserk           |     1 |     1 |     2 |       ||     4
       Brothers in Arms  |       |       |     3 |       ||     3
       Trog's Hand       |       |       |     1 |       ||     1
  Use: Scroll            |       |       |     1 |       ||     1
       Potion            |       |       |     1 |       ||     1
Armor: Animal skin       |     4 |       |       |       ||     4
       Scale mail        |       |     2 |    13 |     1 ||    16
Dodge: Dodged            |     7 |     4 |    24 |     2 ||    37
